 Dungeon Crawl Stone Soup version 0.17-a0-377-gdd46233 (webtiles) character file.

7877 RobertPalmer the Bludgeoner (level 11, -5/86 (88) HPs)
             Began as an Ogre Summoner on Apr 1, 2015.
             Was a Priest of Vehumet.
             Slain by a yak (9 damage)
             ... on level 11 of the Dungeon.
             The game lasted 00:43:20 (18682 turns).

RobertPalmer the Bludgeoner (Ogre Summoner)        Turns: 18682, Time: 00:43:20

HP:   -5/86 (88)    AC:  8    Str: 15    XL:     11   Next: 22%
MP:   13/13         EV: 14    Int: 15    God:    Vehumet [***...]
Gold: 834           SH:  0    Dex: 12    Spells: 4 memorised, 5 levels left

rFire  + . .     SeeInvis +     a - +3 giant spiked club
rCold  + + .     Clarity  .     z - +1 robe {rC+ rF+}
rNeg   . . .     SustAb   .     (no shield)
rPois  .         Gourm    .     G - +2 hat
rElec  .         Spirit   .     J - +0 cloak
rCorr  .         Warding  .     (gloves unavailable)
rMut   .         Stasis   .     (boots unavailable)
MR     +....                    s - amulet of rage {+Rage, !d}
Stlth  ++........               h - ring of protection from cold {rC+, !d}
                                i - ring of see invisible {sInv, !d}

@: repel missiles, somewhat resistant to hostile enchantments, unstealthy
A: unfitting armour, icy blue scales 1, tough skin 1
a: Renounce Religion, Evoke Berserk Rage


You were on level 11 of the Dungeon.
You worshipped Vehumet.
Vehumet was most pleased with you.
You were hungry.

You visited 3 branches of the dungeon, and saw 15 of its levels.

You collected 834 gold pieces.

Inventory:

Hand weapons
 a - a +3 giant spiked club (weapon)
   (You took it off an ogre on level 4 of the Dungeon)
 b - a +0 blowgun
   (You took it off a kobold on level 4 of the Dungeon)
 n - a +0 morningstar
   (You took it off an orc on level 1 of the Orcish Mines)
Missiles
 k - 5 curare-tipped needles
 y - 18 poisoned needles
Armour
 e - a +0 hat
   (You acquired it on level 2 of the Dungeon)
 z - a +1 robe of resistance (worn)
   (You found it on level 2 of the Dungeon)
 G - a +2 hat (worn)
   (You found it on level 11 of the Dungeon)
 J - a +0 cloak (worn)
   (You found it on level 9 of the Dungeon)
Magical staves
 r - an uncursed staff of energy {unknown}
   (You found it on level 4 of the Dungeon)
 D - an uncursed staff of death {unknown}
   (You found it on level 7 of the Dungeon)
Jewellery
 f - an uncursed ring of fire {rF+, rC-}
   (You found it on level 10 of the Dungeon)
 h - a ring of protection from cold (right hand) {rC+, !d}
   (You found it on level 2 of the Dungeon)
 i - a ring of see invisible (left hand) {sInv, !d}
   (You found it on level 3 of the Dungeon)
 j - an uncursed amulet of clarity {Clar, !d}
   (You found it on level 3 of the Dungeon)
 o - an uncursed ring of invisibility {+Inv, !d}
   (You found it on level 2 of the Dungeon)
 s - an amulet of rage (around neck) {+Rage, !d}
   (You found it on level 4 of the Dungeon)
 t - an uncursed amulet of guardian spirit {Spirit}
   (You found it on level 4 of the Dungeon)
Magical devices
 g - a wand of enslavement (5)
   (You found it on level 9 of the Dungeon)
 u - a wand of slowing (25)
   (You took it off Erica on level 1 of the Orcish Mines)
 x - a wand of slowing (18)
   (You found it on level 11 of the Dungeon)
 C - a wand of disintegration (0)
   (You found it on level 7 of the Dungeon)
 K - a wand of fire (0)
   (You found it on level 11 of the Dungeon)
Scrolls
 c - a scroll of recharging
 q - 2 scrolls of remove curse
 v - a scroll of amnesia
 B - 2 scrolls of identify
Potions
 d - 3 potions of brilliance
 p - a potion of flight
 E - a potion of curing
Books
 m - a book of Air
   (You found it on level 3 of the Dungeon)
 w - a book of Callings
 I - a book of Party Tricks
   (You found it on level 9 of the Dungeon)
Comestibles
 l - 5 meat rations {@e2}
 A - 7 fruits
 F - a bread ration {@e1}
 H - a chunk of flesh {@w0}


   Skills:
 - Level 16.3 Maces & Flails
 + Level 9.6 Dodging
 - Level 1.5 Stealth
 - Level 2.4 Spellcasting
 - Level 3.1 Summonings


You had 5 spell levels left.
You knew the following spells:

 Your Spells              Type           Power        Failure   Level  Hunger
b - Call Canine Familiar  Summ           ##......     21%         3    ###....
c - Call Imp              Summ           ##......     12%         2    ###....
d - Repel Missiles        Chrm/Air       #.....       34%         2    ###....
s - Swiftness             Chrm/Air       #.......     34%         2    ###....


Dungeon Overview and Level Annotations

Branches:
Dungeon (12/15)            Temple (1/1) D:7             Orc (2/4) D:9
   Lair: D:8-11

Altars:
Ashenzari
Dithmenos
Elyvilon
Fedhas
Makhleb
Okawaru
Qazlal
Ru
Sif Muna
Trog
Vehumet
Xom
Zin
The Shining One

Shops:
D:8 (

Annotations:
D:12 Snorg


Innate Abilities, Weirdness & Mutations

You are too large for most types of armour.
You have tough skin (AC +1).
You are partially covered in icy blue scales (AC +1).


Message History

A yak comes into view.
The yak closely misses you.
The yak bellows!
Drink which item? (? for menu, Esc to quit)
Okay, then.
Wield which item (- for none, * to show all)? (? for menu, Esc to quit)
a - a +3 giant spiked club (weapon)
The yak gores you!
You take 16 damage, and have 70/86 hp.
You barely miss the yak. You barely miss the yak. You hit the yak.
You hit the yak. The yak gores you but does no damage.
You barely miss the yak. The yak closely misses you.
You impale the yak!! The yak gores you!
You take 12 damage, and have 59/86 hp.
You are feeling hungry.
You now have 10/13 mp.
You swap places.
Your hound bites the yak but does no damage.
The yak gores your hound! The yak gores your hound!!
Your hound dies!
Your hound's corpse disappears in a puff of smoke!
You now have 7/13 mp.
You swap places.
The yak gores your hound!
Your hound closely misses the yak.
Your hound bites the yak.
The yak misses your hound.
Your hound barely misses the yak.
Something gores your hound! The yak misses your hound.
Your hound barely misses the yak.
Your hound barely misses the yak.
The yak gores your hound.
Your hound bites the yak.
Something gores your hound!
Your hound dies!
Your hound's corpse disappears in a puff of smoke!
The yak bellows!
A yak comes into view. x2
The yak bellows!
The yak bellows!
There is a stone staircase leading down here.
You climb downwards.
There is a stone staircase leading up here.
You now have 834 gold pieces (gained 24).
Read which item? (? for menu, Esc to quit)
Okay, then. 2 yaks come into view.
The yak bellows!
MP restored: 13 A yak comes into view.
Snorg the Insatiable comes into view.
A yak comes into view.
Snorg shouts!
The yak bellows!
A yak comes into view.
You see here a leather armour.
The yak bellows!
There is a stone staircase leading up here.
You climb upwards.
The yak bellows!
The yak gores you. The yak misses you. The yak barely misses you.
The yak gores you but does no damage.
There is a stone staircase leading down here.
You take 4 damage, and have 69/86 hp.
Read which item? (? for menu, Esc to quit)
Okay, then.
Drink which item? (? for menu, Esc to quit)
Okay, then.
Okay, then.
The yak gores you but does no damage. The yak barely misses you.
You sock the yak! The yak barely misses you. The yak closely misses you.
The yak closely misses you. The yak gores you! The yak gores you.
You take 14 damage, and have 55/86 hp.
You hit the yak. The yak gores you! The yak barely misses you.
The yak barely misses you. x2
The yak gores you.
You take 8 damage, and have 47/86 hp.
You completely miss the yak. The yak gores you! The yak closely misses you.
The yak gores you. The yak completely misses you.
You take 16 damage, and have 31/86 hp.
Unknown command.
Read which item? (? for menu, Esc to quit)
Okay, then.
Quiver which item? (- for none, * to show all) (? for menu, Esc to quit)
Okay, then.
Aim: a yak (heavily wounded)
The bolt of fire misses the yak.
The bolt of fire hits the yak.
Evoking this partially-identified wand wasted a few charges.
The yak closely misses you. The yak barely misses you. The yak gores you!
* * * LOW HITPOINT WARNING * * *
The yak misses you.
You take 16 damage, and have 15/86 hp.
Unknown command.
The bolt of fire hits the yak. x2
You kill the yak!
Vehumet accepts your kill.
Evoking this partially-identified wand wasted a few charges.
The yak gores you!
* * * LOW HITPOINT WARNING * * *
The yak gores you.
* * * LOW HITPOINT WARNING * * *
The yak gores you!
You die...

##.......# #.# Y....###.# #.#
##...###.### #.# ##...#..... #.#
##.....#.# #.# ###
##.......######## #.# ##.##
##Y.............## #.#####...##
.....Y........YYY####..........##
##.###Y#..#####Y@Y.<.............
#...Y..Y.Y..##Y#####..........##
########.#...#Y# #..........# ###
#.#..)#.# #........#.# ..#
#...Y...# #.......##.# #.#
###...### #..........# #.# #...#
#.....###### #.# #...# #.##..# #
#.#######...#######.##..#


You could see 7 yaks.

Vanquished Creatures
  Erica (Orc:1)
  2 two-headed ogres
  A raven (D:9)
  A wyvern (D:8)
  A yak (D:11)
  3 hippogriffs
  A basilisk (D:9)
  Grum (D:9)
  4 wolves (D:9)
  A hungry ghost (D:9)
  3 wargs
  4 orc warriors
  A water moccasin (D:10)
  2 phantoms (D:9)
  A black bear (D:8)
  6 centaurs
  A sky beast (D:9)
  5 ogres
  A necrophage (D:9)
  6 giant frogs
  2 big kobolds
  A wyvern zombie (D:8)
  A wyvern skeleton (D:11)
  2 scorpions
  A troll zombie (D:9)
  A giant frog zombie (D:6)
  3 goliath beetles
  A crimson imp (D:9)
  5 jellies
  2 quasits
  10 orc wizards
  3 orc priests
  4 iguanas
  4 worker ants
  4 hounds
  A killer bee zombie (D:9)
  6 ogre zombies (D:9)
  A hound zombie (D:3)
  A hound skeleton (D:9)
  2 gnolls (D:4)
  2 worker ant zombies
  2 adders
  A shadow imp (D:5)
  2 adder skeletons
  4 giant geckos
  2 oozes (D:4)
  47 orcs
  16 bats
  A bat skeleton (D:8)
  A bat zombie (D:3)
  16 goblins
  15 hobgoblins
  3 jackals (D:7)
  5 quokkas
  A ball python (D:1)
  A ball python skeleton (D:3)
  8 giant cockroaches
  2 giant newts (D:2)
  2 goblin skeletons (D:9)
  3 goblin zombies (D:9)
  2 hobgoblin skeletons (D:9)
  4 hobgoblin zombies (D:9)
  15 kobolds
  12 orc zombies (D:9)
  10 rats
  9 ballistomycetes
287 creatures vanquished.

Vanquished Creatures (collateral kills)
  A two-headed ogre (D:8)
  Edmund (D:5)
  2 sky beasts
  4 ogres
  2 giant frogs (D:6)
  A troll zombie (D:9)
  An iguana (D:8)
  An orc priest (D:9)
  2 orc wizards
  Natasha (D:2)
  3 worker ants
  4 adders
  2 gnolls
  2 giant mites
  4 worms
  2 oozes
  2 orcs
  6 hobgoblins
  3 kobolds
  A bat (D:4)
  2 giant cockroaches
  A giant gecko (D:10)
  A giant spore (D:6)
  3 goblins
  A goblin zombie (D:9)
  3 jackals (D:4)
  An orc skeleton (D:9)
  4 rats
  A ballistomycete (D:6)
62 creatures vanquished.

Vanquished Creatures (others)
  4 crimson imps
  31 hounds
  A white imp (D:5)
  2 shadow imps
  A quokka (D:1)
  3 bats
  A giant spore (D:7)
  2 rats (D:1)
45 creatures vanquished.

Grand Total: 394 creatures vanquished

Notes
Turn   | Place    | Note
--------------------------------------------------------------
     0 | D:1      | RobertPalmer, the Ogre Summoner, began the quest for the Orb.
     0 | D:1      | Reached XP level 1. HP: 16/16 MP: 3/3
    51 | D:1      | Reached skill level 3 in Summonings
   472 | D:1      | Reached skill level 1 in Maces & Flails
   472 | D:1      | Reached XP level 2. HP: 22/24 MP: 4/4
  1201 | D:1      | Reached skill level 2 in Maces & Flails
  1638 | D:1      | Reached XP level 3. HP: 29/31 MP: 1/5
  1814 | D:2      | Reached skill level 3 in Maces & Flails
  2418 | D:2      | Learned a level 2 spell: Call Imp
  2422 | D:2      | Learned a level 3 spell: Call Canine Familiar
  2617 | D:2      | Noticed Natasha
  2630 | D:2      | Killed Natasha
  2630 | D:2      | Reached skill level 4 in Maces & Flails
  2630 | D:2      | Reached XP level 4. HP: 25/39 MP: 1/6
  3404 | D:3      | Reached skill level 5 in Maces & Flails
  3928 | D:3      | Reached XP level 5. HP: 45/45 MP: 3/7
  4333 | D:4      | Reached skill level 6 in Maces & Flails
  4835 | D:4      | HP: 11/45 [poisoned by an adder]
  4840 | D:4      | HP: 8/45 [poisoned by an adder]
  4846 | D:4      | HP: 5/45 [poisoned by an adder]
  4851 | D:4      | HP: 3/45 [poisoned by an adder]
  4858 | D:4      | HP: 3/45 [poisoned by an adder]
  4866 | D:4      | HP: 2/45 [poisoned by an adder]
  5551 | D:4      | Noticed an ogre
  5693 | D:4      | Killed an ogre
  5693 | D:4      | Reached skill level 7 in Maces & Flails
  5693 | D:4      | Reached XP level 6. HP: 32/53 MP: 0/8
  5893 | D:4      | Noticed an ogre
  5919 | D:4      | Killed an ogre
  6033 | D:5      | Entered Level 5 of the Dungeon
  6050 | D:4      | Reached skill level 8 in Maces & Flails
  6327 | D:5      | Reached skill level 9 in Maces & Flails
  6327 | D:5      | Reached XP level 7. HP: 40/59 MP: 3/9
  6662 | D:5      | Reached skill level 10 in Maces & Flails
  6728 | D:5      | Learned a level 2 spell: Repel Missiles
  6731 | D:5      | Learned a level 2 spell: Swiftness
  6971 | D:5      | Noticed Edmund
  7133 | D:5      | Killed Edmund
  7140 | D:5      | Reached skill level 11 in Maces & Flails
  7140 | D:5      | Reached XP level 8. HP: 52/67 MP: 5/10
  7750 | D:6      | Found a shattered altar of Ashenzari.
  7753 | D:6      | Found a stormy altar of Qazlal.
  7940 | D:6      | Reached skill level 12 in Maces & Flails
  8201 | D:6      | Reached skill level 2 in Dodging
  8668 | D:6      | Reached skill level 3 in Dodging
  8706 | D:6      | Found a deep blue altar of Sif Muna.
  9301 | D:7      | Reached skill level 4 in Dodging
  9926 | D:7      | Found a staircase to the Ecumenical Temple.
  9932 | Temple   | Entered the Ecumenical Temple
  9953 | Temple   | Became a worshipper of Vehumet
 10062 | D:8      | HP: 16/67 [centaur/arrow (1)]
 10070 | D:8      | Reached skill level 5 in Dodging
 10070 | D:8      | Reached XP level 9. HP: 27/74 MP: 8/11
 10160 | D:8      | Noticed a two-headed ogre
 10326 | D:8      | Found Dosash's Weapon Boutique.
 10363 | D:8      | Reached skill level 6 in Dodging
 10365 | D:8      | Got a steaming rapier
 10558 | D:8      | Noticed a two-headed ogre
 10573 | D:8      | Killed a two-headed ogre
 11054 | D:8      | Killed a two-headed ogre
 11069 | D:8      | Reached skill level 13 in Maces & Flails
 11140 | D:8      | Acquired Vehumet's first power
 11140 | D:8      | Offered knowledge of Freeze by Vehumet.
 11407 | D:8      | Reached skill level 14 in Maces & Flails
 12406 | D:8      | Reached XP level 10. HP: 40/81 MP: 12/12
 12904 | D:9      | Reached skill level 15 in Maces & Flails
 13223 | D:9      | Noticed Grum
 13696 | D:9      | Offered knowledge of Flame Tongue by Vehumet.
 13725 | D:9      | Found a staircase to the Orcish Mines.
 13756 | D:9      | Reached skill level 7 in Dodging
 13758 | D:9      | Gained mutation: You are partially covered in icy blue scales (AC +1). [potion of beneficial mutation]
 14493 | D:9      | Offered knowledge of Searing Ray by Vehumet.
 14540 | D:9      | Found a sacrificial altar of Ru.
 14541 | D:9      | Found a shadowy altar of Dithmenos.
 14696 | D:9      | Reached skill level 8 in Dodging
 14706 | D:9      | Killed Grum
 15145 | D:10     | Entered Level 10 of the Dungeon
 15187 | D:10     | Noticed a tengu warrior
 15188 | D:10     | Noticed a tengu warrior
 15214 | Orc:1    | Entered Level 1 of the Orcish Mines
 15488 | Orc:1    | Noticed Erica
 15506 | Orc:1    | Killed Erica
 15588 | Orc:1    | Found an iron altar of Okawaru.
 15609 | Orc:1    | Acquired Vehumet's second power
 16025 | Orc:1    | HP: 8/79 [warg (14)]
 16027 | Orc:1    | Reached skill level 16 in Maces & Flails
 16579 | D:9      | Reached XP level 11. HP: 41/86 MP: 4/13
 17164 | D:2      | Identified a scroll of acquirement
 17407 | D:10     | Offered knowledge of Fulminant Prism by Vehumet.
 17622 | D:10     | Reached skill level 9 in Dodging
 18670 | D:12     | Noticed Snorg
 18681 | D:11     | HP: 15/86 [yak (16)]
 18682 | D:11     | HP: 4/86 [yak (5)]
 18682 | D:11     | Slain by a yak

Action                   |  1- 3 |  4- 6 |  7- 9 | 10-12 || total
-------------------------+-------+-------+-------+-------++-------
Melee: Club              |    92 |       |       |       ||    92
       Unarmed           |     3 |       |       |       ||     3
       Whip              |    35 |    87 |       |       ||   122
       Mace              |       |   104 |       |       ||   104
       Giant club        |       |    19 |   253 |       ||   272
       Giant spiked club |       |       |    63 |   308 ||   371
       Morningstar       |       |       |       |   169 ||   169
 Fire: Blowgun           |       |     5 |    72 |     8 ||    85
 Cast: Summon Small Mamm |    41 |     3 |     2 |       ||    46
       Call Imp          |     2 |    18 |    11 |     6 ||    37
       Call Canine Famil |       |    20 |    32 |    29 ||    81
       Repel Missiles    |       |       |     3 |     1 ||     4
Evoke: Wand              |       |       |       |    12 ||    12
  Use: Scroll            |     6 |     7 |     6 |     9 ||    28
       Potion            |       |       |     3 |    10 ||    13
 Stab: Distracted        |     1 |     2 |     4 |     4 ||    11
       Sleeping          |       |     3 |     2 |       ||     5
  Eat: Chunk             |     6 |    14 |    19 |    18 ||    57
       Pizza             |       |     1 |     1 |       ||     2
       Fruit             |       |       |     1 |     2 ||     3
       Bread ration      |       |       |     1 |     1 ||     2

Vault maps used:
D:1:      lightli_arrival_statue_moat, hangedman_decor_riveting
D:2:      uniq_natasha
D:3:      serial_undead, serial_undead_d, serial_undead_b, serial_undead_a,
          serial_undead_a
D:5:      first_bread, uniq_edmund
D:6:      lemuel_blue_sif_altar, amethyst_overflow_temple_binary
D:7:      temple_green
D:8:      serial_shops, nicolae_shop_stone
D:9:      gammafunk_temple_overflow_pools, zombieorc2_lemuel, uniq_grum
D:10:     erik_lair_orcish_takeover, serial_column_ruins, column_ruins_hut,
          column_ruins_hut_ruined, column_ruins_grid_1,
          column_ruins_corridor_corner, column_ruins_columns_water,
          column_ruins_open_tiny, hangedman_little_slice_of_home,
          minmay_misc_feat_room
D:12:     uniq_snorg, uniq_sonja
Temple:   water_room_temple_a_12
Orc:1:    basic_altar, uniq_erica

Table legend:
 A = Turns spent in this place as a percentage of turns spent in the entire game.
 B = Non-inter-level travel turns spent in this place as a percentage of non-inter-level travel turns spent in the entire game.
 C = Inter-level travel turns spent in this place as a percentage of turns spent in this place.
 D = Turns resting spent in this place as a percentage of non-inter-level travel turns spent in this place.
 E = Turns spent auto-exploring this place as a percentage of non-inter-level travel turns spent in this place.
 F = Non-inter-level travel turns spent in this place divided by the number of levels of this place that you've seen.
                   A       B       C       D       E      F
               +-------+-------+-------+-------+-------+----------------------
         Total | 100.0 | 100.0 |   0.6 |   3.7 |   4.3 | 416.7
       Dungeon |  93.2 |  93.2 |   0.6 |   3.6 |   4.3 | 485.6
        Temple |   0.5 |   0.5 |   0.0 |   0.0 |   0.0 |  31.0
  Orcish Mines |   6.3 |   6.3 |   0.5 |   5.4 |   4.1 | 196.0
               +-------+-------+-------+-------+-------+----------------------

Table legend:
 A = Kills in this place as a percentage of kills in entire the game.
 B = Kills by you in this place as a percentage of kills by you in the entire game.
 C = Kills by friends in this place as a percentage of kills by friends in the entire game.
 D = Other kills in this place as a percentage of other kills in the entire game.
 E = Experience gained in this place as a percentage of experience gained in the entire game.
 F = Experience gained in this place divided by the number of levels of this place that you have seen.
                   A       B       C       D       E      F
               +-------+-------+-------+-------+-------+----------------------
         Total | 100.0 | 100.0 | 100.0 |  -nan | 100.0 | 750.3
       Dungeon |  91.1 |  89.1 | 100.0 |  -nan |  85.0 | 796.9
  Orcish Mines |   8.9 |  10.9 |   0.0 |  -nan |  15.0 | 845.5
               +-------+-------+-------+-------+-------+----------------------
